 Dungeon Crawl Stone Soup version 0.20-a0-642-g4ff03ff (console) character file.

859 nht the Cleaver (level 8, -4/87 HPs)
             Began as a Barachian Berserker on Feb 14, 2017.
             Was a Priest of Trog.
             Killed from afar by an electric eel (15 damage)
             ... with a bolt of electricity
             ... on level 6 of the Dungeon.
             The game lasted 00:05:10 (3796 turns).

nht the Cleaver (Barachian Berserker)               Turns: 3796, Time: 00:05:11

Health: -4/87      AC: 10    Str: 22    XL:     8   Next: 2%
Magic:  8/8        EV: 11    Int:  5    God:    Trog [***...]
Gold:   135        SH:  0    Dex: 11    Spells: 7/7 levels left

rFire    . . .     SeeInvis +   w - +0 war axe
rCold    . . .     Gourm    .   u - +4 ring mail
rNeg     + . .     Faith    .   (no shield)
rPois    .         Spirit   .   (no helmet)
rElec    .         Reflect  .   d - +0 cloak
rCorr    .         Harm     .   (no gloves)
MR       .....                  (no boots)
Stlth    ..........             z - amulet of magic regeneration
Regen    0.3/turn               x - ring of positive energy
MPRegen  0.2/turn               t - ring of see invisible (curse)

@: berserking, quick
A: swims, slowness 1, strong legs 1
a: Hop, Berserk, Trog's Hand, Burn Spellbooks, Renounce Religion


You were on level 6 of the Dungeon.
You worshipped Trog.
Trog was most pleased with you.
You were near starving.

You visited 1 branch of the dungeon, and saw 6 of its levels.
You also visited: Sewer.

You collected 135 gold pieces.

Inventory:

Hand Weapons
 a - a +0 hand axe
 w - a +0 war axe (weapon)
Missiles
 s - 8 javelins (quivered)
 v - 8 tomahawks
Armour
 d - a +0 cloak (worn)
 n - a +0 troll leather armour {Purgy}
 q - a +2 ring mail of cold resistance
 u - a +4 ring mail (worn)
Jewellery
 t - a cursed ring of see invisible (left hand)
 x - a ring of positive energy (right hand)
 z - an amulet of magic regeneration (around neck)
Scrolls
 j - 2 scrolls of identify
 k - a scroll of blinking {unknown}
 m - 2 scrolls of fog
 o - 2 scrolls of teleportation
 p - a scroll of enchant armour {unknown}
 r - a scroll of random uselessness {unknown}
 y - a scroll of amnesia {unknown}
 A - a scroll of magic mapping
 B - a scroll of vulnerability {unknown}
 D - a scroll of remove curse {unknown}
Potions
 b - a potion of haste
 e - 3 potions of lignification
 f - a potion of agility {unknown}
 i - 3 potions of mutation {unknown}
Comestibles
 c - 3 bread rations
 g - 2 meat rations
 h - 4 royal jellies
 l - a fruit


   Skills:
 - Level 3.2 Fighting
 + Level 9.3 Axes
 - Level 2.1 Armour
 - Level 2.0 Dodging


You had 7 spell levels left.
You didn't know any spells.

Dungeon Overview and Level Annotations

Branches:
Dungeon (6/15)             Temple (0/1) D:4

Altars:
Sif Muna

Shops:
D:5 :


Innate Abilities, Weirdness & Mutations

You can swim through water.
You cover ground slowly.
You can hop short distances.


Message History

The electric eel shoots out a bolt of lightning at you!
The bolt of electricity misses you.
The electric eel shoots out a bolt of lightning at you!
The bolt of electricity hits you!
Found 18 arrows.
The electric eel shoots out a bolt of lightning at you!
The bolt of electricity hits you!
The bolt of electricity hits the plant. x2
The plant appears unharmed.
The bolt of electricity hits you!
You closely miss the electric eel.
A red film seems to cover your vision as you go berserk!
You feel yourself moving faster!
You feel mighty!
You are near starving!
The electric eel shoots out a bolt of lightning at you!
The bolt of electricity hits you!
The bolt of electricity hits the plant. x2
The bolt of electricity hits you!
* * * LOW HITPOINT WARNING * * *
You closely miss the electric eel.
The electric eel shoots out a bolt of lightning at you!
The bolt of electricity hits you!
You die...

█...P≈≈≈≈≈P....
....P≈≈P.≈...(.
....≈P≈≈≈.....█
....≈≈≈≈≈≈♣...█
█..≈.≈≈≈≈....██
█.♣.≈≈≈≈≈.....█
█.P≈≈≈;≈≈P█...██
█.≈.≈@♣≈██....█
█.♣.≈≈...█....███
███...♣P÷.........█
.....████$.....██
.███..██).█.....█
██...)██..████
██..███.██
█.......█ █
█..████.██ .█


You could see an electric eel.

Vanquished Creatures
  Purgy (Sewer)
  A hornet zombie (D:5)
  2 ogres (D:6)
  A phantom (D:4)
  A scorpion (D:4)
  A howler monkey (D:5)
  A crimson imp (D:6)
  2 orc priests (D:4)
  A hound (D:3)
  An orc wizard (D:4)
  A worker ant (D:5)
  5 adders
  A river rat (D:4)
  2 oozes
  A worm (D:5)
  2 dart slugs
  3 leopard geckos
  8 orcs
  2 ball pythons
  4 bats
  3 giant cockroaches
  4 goblins
  9 hobgoblins
  12 jackals
  4 kobolds
  2 quokkas
  8 frilled lizards
  A leopard gecko skeleton (D:5)
  7 rats
91 creatures vanquished.

Notes
Turn   | Place    | Note
-------+----------+-------------------------------------------
     0 | D:1      | nht the Barachian Berserker began the quest for the Orb.
     0 | D:1      | Reached XP level 1. HP: 18/18 MP: 1/1
    78 | D:1      | Reached XP level 2. HP: 13/24 MP: 2/2
   230 | D:1      | Reached ** piety under Trog
   230 | D:1      | Reached skill level 4 in Axes
   418 | D:1      | Reached XP level 3. HP: 27/29 MP: 3/3
   932 | D:2      | Reached XP level 4. HP: 35/35 MP: 4/4
  1068 | D:2      | Reached skill level 5 in Axes
  1452 | D:3      | Reached XP level 5. HP: 41/41 MP: 5/5
  1666 | D:4      | Noticed a phantom
  1680 | D:4      | Found a glowing drain.
  1843 | Sewer    | Entered a sewer
  1894 | Sewer    | Noticed Purgy
  1903 | Sewer    | Killed Purgy
  1903 | Sewer    | Reached skill level 6 in Axes
  1903 | Sewer    | Reached XP level 6. HP: 47/47 MP: 6/6
  2028 | D:4      | Found a staircase to the Ecumenical Temple.
  2057 | D:4      | Reached *** piety under Trog
  2063 | D:4      | Reached skill level 7 in Axes
  2371 | D:4      | Killed a phantom
  2371 | D:4      | Reached XP level 7. HP: 52/52 MP: 7/7
  2420 | D:4      | Found a deep blue altar of Sif Muna.
  2648 | D:5      | Entered Level 5 of the Dungeon
  2681 | D:5      | Reached skill level 8 in Axes
  2806 | D:5      | Found Colupaw's Book Shop.
  3482 | D:6      | Reached skill level 9 in Axes
  3664 | D:6      | Reached XP level 8. HP: 34/58 MP: 8/8
  3796 | D:6      | Killed from afar by an electric eel

Vault maps used:
D:1:      grunt_arrival_lava_bath
D:2:      first_bread
D:4:      led_sif_pool, temple_doors_e, portal_sewer_entry_a
D:5:      serial_shops, shop
D:6:      basic_altar, serial_bayou_pond_b
Sewer:    kennysheep_door_sewer

Skill      XL: |  1  2  3  4  5  6  7 |
---------------+----------------------+-----
Axes           | 4 5 6 7 9 |  9.3
Fighting       | |  3.2
Armour         | |  2.1
Dodging        | |  2.0

Action                   |  1- 3 |  4- 6 |  7- 9 || total
-------------------------+-------+-------+-------++-------
Melee: Hand axe          |   117 |    50 |       ||   167
       War axe           |       |    92 |    99 ||   191
Invok: Berserk           |     1 |     4 |     2 ||     7
  Use: Scroll            |       |     6 |     2 ||     8
       Potion            |       |     3 |     2 ||     5
 Stab: Sleeping          |     1 |       |       ||     1
  Eat: Chunk             |     1 |     9 |     6 ||    16
Armor: Animal skin       |    15 |       |       ||    15
       Ring mail         |    20 |    65 |    23 ||   108
       Troll leather arm |       |     3 |       ||     3
       Skin              |       |       |    15 ||    15
Dodge: Dodged            |    80 |    93 |    42 ||   215
